 Dungeon Crawl Stone Soup version 0.19-a0-1834-g6b7851e (webtiles) character file.

6318 Charly the Destroyer (level 10, -8/84 HPs)
             Began as a Grey Draconian Fire Elementalist on Oct 9, 2016.
             Was a Believer of Cheibriados.
             Mangled by a polar bear (16 damage)
             ... on level 10 of the Dungeon.
             The game lasted 00:53:14 (6235 turns).

Charly the Destroyer (DrFE)                         Turns: 6235, Time: 00:53:15

Health: -8/84      AC: 18    Str: 16    XL:     10   Next: 64%
Magic:  15/17      EV: 13    Int: 23    God:    Cheibriados [**....]
Gold:   321        SH:  0    Dex: 21    Spells: 4 memorised, 6 levels left

rFire  . . .     SeeInvis .     a - +14 plutonium sword {*Contam Stlth-}
rCold  . . .     Gourm    .     (armour unavailable)
rNeg   . . .     Faith    .     (shield currently unavailable)
rPois  .         Spirit   .     (helmet restricted)
rElec  .         Dismiss  .     v - +0 cloak
rCorr  .         Reflect  .     (no gloves)
MR     .....     Harm     .     s - +0 pair of boots
Stlth  +.........               (no amulet)
                                H - +4 ring of protection
                                j - +4 ring of dexterity

@: very slow
A: walk through water, unfitting armour, unbreathing, cold-blooded, AC +12
a: Bend Time, Renounce Religion


You were on level 10 of the Dungeon.
You worshipped Cheibriados.
Cheibriados was pleased with you.
You were not hungry.

You visited 2 branches of the dungeon, and saw 13 of its levels.

You collected 545 gold pieces.
You spent 224 gold pieces at shops.

Inventory:

Hand Weapons
 a - the +14 plutonium sword (weapon) {*Contam Stlth-}
   (You found it on level 6 of the Dungeon)

   It causes magical contamination when unequipped.
   It makes you less stealthy.
 A - a +4 mace
Armour
 q - a +0 buckler
 s - a +0 pair of boots (worn)
 v - a +0 cloak (worn)
Jewellery
 c - an uncursed ring of ice
 j - a +4 ring of dexterity (left hand)
 p - an uncursed ring of flight
 u - an uncursed ring of stealth
 H - a +4 ring of protection (right hand)
Wands
 l - a wand of lightning (0/15)
 t - a wand of polymorph (8/24)
 C - a wand of heal wounds (9/9)
 I - a wand of lightning (3/15)
Scrolls
 d - 3 scrolls of amnesia
 f - 2 scrolls of magic mapping
 i - 7 scrolls of remove curse
 y - 2 scrolls of fear
 B - a scroll of fog
 F - a scroll of enchant armour
 G - a scroll of identify
 J - a scroll of recharging
Potions
 g - a potion of resistance
 h - a potion of agility
 m - 2 potions of flight
 n - a potion of might
 w - 4 potions of curing
 x - a potion of cancellation
 z - a potion of magic
 D - a potion of lignification
Books
 k - a book of Flames

   Spells                             Type                      Level
   a - Flame Tongue                   Conjuration/Fire             1
   b - Throw Flame                    Conjuration/Fire             2
   c - Conjure Flame                  Conjuration/Fire             3
   d - Inner Flame                    Hexes/Fire                   3
   e - Sticky Flame                   Conjuration/Fire             4
   f - Fireball                       Conjuration/Fire             5
Miscellaneous
 o - a sack of spiders
Comestibles
 b - 6 bread rations
 r - 2 fruits
 E - 4 meat rations


   Skills:
 + Level 6.7 Fighting
 + Level 9.0 Long Blades
 - Level 1.7 Dodging
 - Level 1.7 Stealth
 - Level 5.0 Spellcasting
 - Level 10.1 Conjurations
 - Level 5.0 Fire Magic


You had 6 spell levels left.
You knew the following spells:

 Your Spells              Type           Power        Failure   Level  Hunger
c - Conjure Flame         Conj/Fire      #####...     1%          3    ##.....
f - Flame Tongue          Conj/Fire      #####        1%          1    None
s - Sticky Flame          Conj/Fire      #####...     6%          4    ####...
B - Fireball              Conj/Fire      #####.....   14%         5    #####..


Dungeon Overview and Level Annotations

Branches:
Dungeon (12/15)            Temple (1/1) D:4            Lair (0/6) D:10
    Orc: D:9-12

Altars:
Ashenzari
Cheibriados
Dithmenos
Elyvilon
Gozag
Hepliaklqana
Kikubaaqudgha
Makhleb
Nemelex Xobeh
Okawaru
Ru
Sif Muna
Trog
Uskayaw
Vehumet
Xom
Yredelemnul
Zin

Shops:
D:5 *

Portals:
Trove: D:10 (show abyssal rune of Zot)

Annotations:
D:4 exclusion: downstairs
D:8 exclusion: downstairs, Maurice
D:9 Erolcha


Innate Abilities, Weirdness & Mutations

You can walk through water.
Your dull iron-grey scales are very hard. (AC +12)
You cannot fit into any form of body armour.
You can survive without breathing.
You are cold-blooded and may be slowed by cold attacks.


Message History

You slice the white imp!!
You kill the white imp!
Cheibriados appreciates the change of pace.
You are engulfed in a cloud of scalding steam.
The polar bear is engulfed in a cloud of scalding steam.
The polar bear bites you!
* * * LOW HITPOINT WARNING * * *
The polar bear closely misses you.
The polar bear claws you but does no damage.
The ice beast hits you but does no damage.
Unknown command.
You slash the ice beast!
Mutagenic energy flows through the plutonium sword!
The ice beast's body twists and writhes.
The ice beast is severely wounded.
You are engulfed in a cloud of scalding steam.
* * * LOW HITPOINT WARNING * * *
The polar bear is engulfed in a cloud of scalding steam.
The polar bear bites you!
You die...

..........#.........#.......
.........###...†...###......
#...........†.#............
##...........###†..###......
≈≈≈≈.≈≈≈≈≈≈........###....<.
≈.≈≈≈.≈.≈≈..................
≈≈≈≈≈≈≈≈≈≈≈≈§§≈.....###.#...
5≈.....≈≈§Y§≈.≈≈...##...##..
≈≈≈≈....≈Y.@≈.≈≈≈.##.....##.
...≈..∩..§h§§≈.≈..#....... .
.........§§§≈.≈...##.....##.
≈.≈≈≈≈≈≈≈≈≈≈.......##....# .
..........≈≈≈...... ######
############...#### ####


You could see a polar bear and 2 ice beasts.

Vanquished Creatures
  A centaur warrior (D:10)
  An orc knight (D:10)
  An ugly thing (D:10)
  A merfolk (shapeshifter) (D:10)
  A troll (D:10)
  A hornet (D:10)
  2 hippogriffs
  A yak (D:10)
  A hungry ghost (D:7)
  A naga (D:10)
  A swamp worm (D:10)
  Duvessa (D:5)
  A water moccasin (D:6)
  A sky beast (D:10)
  5 ice beasts
  A necrophage (D:10)
  A phantom (D:6)
  A swamp drake (D:10)
  5 ogres
  2 wolves (D:10)
  3 centaurs
  Dowan (D:4)
  2 bullfrogs
  2 howler monkeys
  A crimson imp (D:5)
  3 hounds
  2 centaur zombies
  Crazy Yiuf (D:7)
  4 orc priests
  A bullfrog skeleton (D:8)
  4 iguanas
  3 orc wizards
  4 worker ants
  A centaur simulacrum (D:10)
  A howler monkey zombie (D:5)
  4 gnolls (D:8)
  9 adders
  A howler monkey skeleton (D:8)
  A shadow imp (D:8)
  3 white imps (D:10)
  An ufetubus (D:10)
  An adder zombie (D:5)
  An adder skeleton (D:7)
  3 dart slugs
  5 leopard geckos
  18 orcs
  A ball python (D:1)
  3 giant cockroaches
  9 goblins
  6 hobgoblins
  12 jackals
  4 quokkas
  5 bats
  8 frilled lizards
  2 gnoll zombies (D:5)
  6 kobolds
  A leopard gecko skeleton (D:5)
  A quokka skeleton (D:7)
  5 rats (D:1)
173 creatures vanquished.

Vanquished Creatures (collateral kills)
  A hill giant (D:10)
1 creature vanquished.

Grand Total: 174 creatures vanquished

Notes
Turn   | Place    | Note
-------+----------+-------------------------------------------
     0 | D:1      | Charly the Draconian Fire Elementalist began the quest for the Orb.
     0 | D:1      | Reached XP level 1. HP: 14/14 MP: 3/3
   220 | D:1      | Found an iron altar of Okawaru.
   226 | D:1      | Reached skill level 2 in Conjurations
   261 | D:1      | Reached XP level 2. HP: 20/20 MP: 3/5
   770 | D:1      | Reached skill level 3 in Conjurations
   770 | D:1      | Reached XP level 3. HP: 26/26 MP: 2/6
   775 | D:1      | Learned a level 3 spell: Conjure Flame
  1122 | D:2      | Found a radiant altar of Vehumet.
  1135 | D:2      | Became a worshipper of Vehumet
  1481 | D:2      | Reached XP level 4. HP: 33/33 MP: 1/7
  1783 | D:3      | Found an opulent altar of Gozag.
  1815 | D:3      | Reached skill level 4 in Conjurations
  2238 | D:3      | Reached XP level 5. HP: 38/38 MP: 1/9
  2297 | D:3      | Learned a level 4 spell: Sticky Flame
  2333 | D:3      | Reached * piety under Vehumet
  2333 | D:3      | Offered knowledge of Magic Dart by Vehumet.
  2410 | D:4      | Found a staircase to the Ecumenical Temple.
  2462 | D:5      | Entered Level 5 of the Dungeon
  2462 | D:5      | Noticed an ogre
  2486 | D:4      | Found a hide-covered altar of Uskayaw.
  2689 | D:5      | Noticed an ice beast
  2725 | D:4      | Noticed an ogre
  2788 | D:4      | Killed an ogre
  2788 | D:4      | Reached skill level 5 in Conjurations
  2788 | D:4      | Reached XP level 6. HP: 45/45 MP: 1/11
  3362 | D:5      | Found a basalt altar of Yredelemnul.
  3597 | D:5      | Killed an ice beast
  3597 | D:5      | Reached skill level 6 in Conjurations
  3597 | D:5      | Your scales start taking on a dull iron-grey colour.
  3597 | D:5      | Reached XP level 7. HP: 50/50 MP: 4/12
  3597 | D:5      | Gained mutation: You can survive without breathing. [Grey Draconian growth]
  3696 | D:5      | Found Ojarphoty's General Store.
  3724 | D:5      | Noticed Dowan
  3757 | D:5      | Noticed Duvessa
  3843 | D:5      | Reached skill level 7 in Conjurations
  3991 | D:5      | Killed Duvessa
  4126 | D:4      | Killed Dowan
  4388 | D:7      | Found a runed door.
  4392 | D:7      | Noticed Crazy Yiuf
  4403 | D:7      | Killed Crazy Yiuf
  4559 | D:5      | Bought 2 potions of curing for 84 gold pieces
  4559 | D:5      | Bought a scroll of identify for 28 gold pieces
  4559 | D:5      | Bought a potion of magic for 112 gold pieces
  4583 | D:5      | Reached XP level 8. HP: 54/57 MP: 2/14
  4606 | D:5      | Reached skill level 8 in Conjurations
  4727 | D:6      | Found a sacrificial altar of Ru.
  4805 | D:6      | Reached ** piety under Vehumet
  4923 | D:6      | Offered knowledge of Freeze by Vehumet.
  5228 | D:6      | Reached skill level 9 in Conjurations
  5273 | Temple   | Entered the Ecumenical Temple
  5374 | D:6      | Found a snail-covered altar of Cheibriados.
  5383 | D:6      | Fell from the grace of Vehumet
  5383 | D:6      | Became a worshipper of Cheibriados the Contemplative
  5390 | D:6      | Learned a level 5 spell: Fireball
  5423 | D:7      | Reached skill level 5 in Fire Magic
  5484 | D:8      | Found a shimmering altar of Xom.
  5522 | D:8      | Noticed a hippogriff
  5527 | D:8      | Killed a hippogriff
  5528 | D:8      | Noticed Maurice
  5592 | D:8      | Reached * piety under Cheibriados
  5592 | D:8      | Reached XP level 9. HP: 41/62 MP: 13/16
  5624 | D:8      | Reached skill level 10 in Conjurations
  5641 | D:9      | Noticed Erolcha
  5687 | D:8      | Reached skill level 5 in Spellcasting
  5746 | D:9      | Found a shadowy altar of Dithmenos.
  5766 | D:10     | Entered Level 10 of the Dungeon
  5844 | D:10     | Found a portal to a secret trove of treasure.
  5933 | D:10     | Found a staircase to the Lair.
  5980 | D:10     | Noticed an orc knight
  5988 | D:10     | Killed an orc knight
  5988 | D:10     | Reached skill level 5 in Long Blades
  5995 | D:10     | Noticed a red ugly thing
  5996 | D:10     | Noticed a centaur warrior
  5996 | D:10     | Noticed a manticore
  6001 | D:10     | Noticed a deep elf mage
  6001 | D:10     | Noticed a merfolk
  6001 | D:10     | a manticore changed into a merfolk
  6007 | D:10     | Killed a centaur warrior
  6007 | D:10     | Reached XP level 10. HP: 54/77 MP: 17/17
  6008 | D:10     | a deep elf mage changed into a swamp worm
  6027 | D:10     | Reached ** piety under Cheibriados
  6052 | D:10     | Killed a red ugly thing
  6067 | D:10     | Reached skill level 5 in Fighting
  6132 | D:10     | Noticed a hill giant
  6137 | D:10     | Killed a hill giant
  6235 | D:10     | Mangled by a polar bear

Vault maps used:
D:1:      dpeg_arrival_shrine, serial_forest, infiniplex_forest_straight_2,
          infiniplex_forest_straight_2, infiniplex_forest_corner_2,
          infiniplex_forest_straight_2, infiniplex_forest_clump_double,
          infiniplex_forest_straight_2, roderic_bipointed_swastika,
          corexii_leaking_fountain, roderic_lattice_a, okawaru_ov_weapons_minmay
D:2:      vehumet_crystals
D:3:      nicolae_gozag_seed_capital, tgw_xom
D:4:      eat_drink_and_be_merry_uskayaw, first_bread
D:5:      lemuel_zombie_altar_yredelemnul, serial_shops, kennysheep_mini_moat,
          uniq_duvessa
D:6:      lemuel_coloured_pillars_altar, serial_shops, nicolae_shop_waterfront,
          dk_vineyard_3, nicolae_ru_sacrificial_ziggurat
D:7:      uniq_crazy_yiuf_cottage
D:8:      minitemple, basic_altar, david_nohive_1, lightli_corner_chamber,
          uniq_maurice
D:9:      grunt_dithmenos_smoke_and_mirrors, lemuel_doored_altar, serial_shops,
          shop, uniq_erolcha
D:10:     hangedman_cross_cluster, lair_0_dummy, david_orc_2, serial_ice,
          serial_ice_j, serial_ice_b, serial_ice_c, serial_ice_d, serial_ice_e,
          serial_ice_m, serial_ice_h, enter_trove_0, mrwooster_statue_mirror
D:11:     serial_bayou_pond_b, billiards_dpeg
D:12:     spider_trap, uniq_urug
Temple:   nicolae_temple_hex_pool

Skill      XL: |  1  2  3  4  5  6  7  8  9 10 |
---------------+-------------------------------+-----
Conjurations   | 2 3 4 5 6 7 9 10 | 10.1
Spellcasting   | 3 4 5 |  5.0
Fire Magic     | 4 5 |  5.0
Long Blades    | 7 9 |  9.0
Fighting       | 3 6 |  6.7
Dodging        | |  1.7
Stealth        | |  1.7

Action                   |  1- 3 |  4- 6 |  7- 9 | 10-12 || total
-------------------------+-------+-------+-------+-------++-------
Melee: Unarmed           |    14 |     8 |       |       ||    22
       Mace              |       |    27 |    24 |       ||    51
       Tailslap          |       |     3 |    14 |     7 ||    24
       Triple sword      |       |       |    50 |    48 ||    98
 Cast: Flame Tongue      |    69 |   106 |   125 |       ||   300
       Conjure Flame     |     1 |     1 |     2 |     2 ||     6
       Sticky Flame      |       |       |     5 |       ||     5
       Fireball          |       |       |       |     1 ||     1
Evoke: Wand              |       |       |     2 |     1 ||     3
       Sack of spiders   |       |       |       |     3 ||     3
  Use: Scroll            |     8 |     3 |    16 |     1 ||    28
       Potion            |       |       |     5 |     3 ||     8
 Stab: Invisible         |       |       |     1 |       ||     1
       Distracted        |       |       |       |     1 ||     1
  Eat: Chunk             |     3 |     2 |     3 |       ||     8
       Beef jerky        |       |     1 |       |       ||     1
       Royal jelly       |       |     1 |       |     1 ||     2
       Bread ration      |       |     1 |       |       ||     1
       Fruit             |       |       |     3 |       ||     3
Armor: Skin              |    12 |    29 |    56 |    39 ||   136
Dodge: Dodged            |    29 |    41 |    76 |    56 ||   202
       Rpst.: Triple sword |       |       |    23 |     8 ||    31
